 Dungeon Sprint DCSS version 0.22-a0-469-gf26638a (webtiles) character file.

106 galech the Fighter (level 4, -3/58 HPs)
             Began as an Ogre Berserker on June 12, 2018.
             Was a Follower of Trog.
             Killed from afar by Sigmund (7 damage)
             ... with a magic dart
             ... in the Dungeon (Sprint I: "Red Sonja").
             The game lasted 00:00:31 (402 turns).

galech the Fighter (Ogre Berserker)                  Turns: 402, Time: 00:00:31

Health: -3/58      AC:  3    Str: 22    XL:     4   Next: 84%
Magic:  4/4        EV: 11    Int:  8    God:    Trog [*.....]
Gold:   0          SH:  0    Dex:  8    Spells: 3/3 levels left

rFire    . . .     SeeInvis .   a - +0 mace
rCold    . . .     Gourm    .   (no shield)
rNeg     . . .     Faith    .   b - +0 animal skin
rPois    .         Spirit   .   (helmet restricted)
rElec    .         Reflect  .   (no cloak)
rCorr    .         Harm     .   (gloves unavailable)
MR       .....     NoTele   +   (boots unavailable)
Stlth    +.........             (no amulet)
HPRegen  0.19/turn              (no ring)
MPRegen  0.09/turn              (no ring)

@: confused, berserk cooldown, slowed, very slow
A: large, unfitting armour, tough skin 1
a: Berserk, Renounce Religion


You were in the Dungeon.
You worshipped Trog.
Trog was aware of your devotion.
You were very hungry.

You visited 1 branch

Inventory:

Hand Weapons
 a - a +0 mace (weapon)
Armour
 b - a +0 animal skin (worn)
Wands
 j - a wand of random effects (17)
Scrolls
 i - a scroll of blinking
Potions
 d - a potion of curing
 e - a potion of heal wounds
 f - a potion of haste
 g - 2 potions of magic
 h - a potion of berserk rage
Comestibles
 c - a ration


   Skills:
 + Level 8.3 Fighting
 + Level 5.5 Maces & Flails
 + Level 5.1 Dodging


You had 3 spell levels left.
You didn't know any spells.
Your spell library was empty.

Dungeon Overview and Level Annotations

Branches:
Dungeon (1/1)

Altars:

Annotations:
D Sigmund


Innate Abilities, Weirdness & Mutations

You are too large for most types of armour.
You have tough skin. (AC +1)


Message History

Sigmund gestures at you while chanting. The puff of flame hits you!
* * * LOW HITPOINT WARNING * * *
Sigmund points at you and mumbles some strange words.
You are confused.
Sigmund closely misses you. Sigmund casts a spell at you.
You are more confused.
Unknown command.
You're too confused!
Sigmund hits you with a scythe.
* * * LOW HITPOINT WARNING * * *
You bump into the stone wall.
Sigmund completely misses you.
You sock Sigmund!
Sigmund is severely wounded.
Sigmund barely misses you. Sigmund closely misses you.
Sigmund gestures at you while chanting. The magic dart hits you!
You die...

################
#<.#..)..#@@'$$#
#..'[.#..'..#$$+
#..#####+#####+#
#..# #..# #..#
#⌠⌠# ####


You could see Sigmund.

Vanquished Creatures
  An ogre (D)
  Ijyb (D)
2 creatures vanquished.

Notes
Turn   | Place    | Note
-------+----------+-------------------------------------------
     0 | D        | galech the Ogre Berserker began the quest for the Orb.
     0 | D        | Reached XP level 1. HP: 24/24 MP: 1/1
     1 | D        | Noticed Ijyb
    18 | D        | Killed Ijyb
    18 | D        | Reached skill level 6 in Fighting
    18 | D        | Reached XP level 2. HP: 16/36 MP: 2/2
    18 | D        | Reached XP level 3. HP: 19/44 MP: 3/3
   224 | D        | Noticed an ogre
   228 | D        | Killed an ogre
   228 | D        | Reached skill level 8 in Fighting
   228 | D        | Reached skill level 5 in Maces & Flails
   228 | D        | Reached skill level 5 in Dodging
   228 | D        | Reached XP level 4. HP: 44/58 MP: 4/4
   374 | D        | Noticed Sigmund
   402 | D        | Killed from afar by Sigmund

Vault maps used:
D:        dungeon_sprint_1

Skill      XL: |  1  2  3 |
---------------+----------+-----
Fighting       | 6 8 |  8.3
Maces & Flails | 4 5 |  5.5
Dodging        | 3 5 |  5.1

Action                   |  1- 3 |  4- 6 || total
-------------------------+-------+-------++-------
Melee: Mace              |    18 |     8 ||    26
Invok: Berserk           |     2 |     1 ||     3
Armor: Animal skin       |     3 |       ||     3
Dodge: Dodged            |     6 |     8 ||    14

Table legend:
 A = Spawn XP
 B = Non-spawn XP
 C = Spawn XP percentage of total XP
 D = Spawn monster count
 E = Non-spawn monster count
 F = Spawn count percentage of total count
 G = Total turns spent on level
                    A         B        C        D         E        F      G
               +---------+---------+-------+---------+---------+-------+---------
         Total |       0 |     152 |   0.0 |       0 |       2 |   0.0 |   402
               +---------+---------+-------+---------+---------+-------+---------
             D |       0 |     152 |   0.0 |       0 |       2 |   0.0 |   402
               +---------+---------+-------+---------+---------+-------+---------
